 Dungeon Crawl Stone Soup version 0.23-a0-419-g0174fd80c1 (webtiles) character file.

160 LostNumber the Shield-Bearer (level 5, -1/33 HPs)
             Began as a Gargoyle Fighter on Nov 14, 2018.
             Killed by divine providence
             ... invoked by an orc priest
              (11 damage)
             ... on level 3 of the Dungeon.
             The game lasted 00:02:59 (1661 turns).

LostNumber the Shield-Bearer (Gargoyle Fighter)     Turns: 1661, Time: 00:03:00

Health: -1/33      AC: 16    Str: 26    XL:     5   Next: 41%
Magic:  5/5        EV:  7    Int:  8    God:
Gold:   140        SH: 10    Dex:  9    Spells: 4/4 levels left

rFire    . . .     SeeInvis .   a - +0 flail
rCold    . . .     Gourm    .   c - +0 shield
rNeg     + . .     Faith    .   b - +0 scale mail
rPois    ∞         Spirit   .   (no helmet)
rElec    +         Reflect  .   (no cloak)
rCorr    .         Harm     .   k - +1 pair of gloves
MR       .....                  (no boots)
Stlth    ..........             (no amulet)
HPRegen  0.11/turn              h - +3 ring of protection
MPRegen  0.09/turn              (no ring)

@: mighty
A: negative energy resistance 1, electricity resistance, unbreathing,
petrification resistance, rot immunity, AC +4
a: no special abilities


You were on level 3 of the Dungeon.
You were very hungry.

You visited 1 branch of the dungeon, and saw 3 of its levels.

You collected 140 gold pieces.

Inventory:

Hand Weapons
 a - a +0 flail (weapon)
Armour
 b - a +0 scale mail (worn)
 c - a +0 shield (worn)
 k - a +1 pair of gloves (worn)
Jewellery
 h - a +3 ring of protection (left hand)
Scrolls
 e - a scroll of fear {unknown}
 i - 3 scrolls of identify {unknown}
 j - a scroll of fog {unknown}
 m - a scroll of enchant weapon {unknown}
 n - a scroll of immolation {unknown}
Potions
 g - 2 potions of curing {unknown}
 l - a potion of lignification {unknown}
 o - a potion of flight {unknown}
 p - a potion of haste {unknown}
Comestibles
 f - 2 rations


   Skills:
 + Level 4.1 Fighting
 * Level 3.7 Maces & Flails
 + Level 4.1 Armour
 + Level 4.1 Shields


You had 4 spell levels left.
You didn't know any spells.
Your spell library was empty.

Dungeon Overview and Level Annotations

Branches:
Dungeon (3/15)

Altars:
Qazlal

Annotations:
D:2 1 runed door


Innate Abilities, Weirdness & Mutations

You are resistant to torment.
Your stone body is resilient. (AC +4)
You are immune to poison.
You resist negative energy. (rN+)
You are resistant to electric shocks. (rElec)
You can survive without breathing.
You are immune to petrification.
You are immune to rotting.


Message History

The orc priest invokes the aid of Beogh against you.
Beogh smites you! The orc hits you but does no damage.
You are too injured to fight recklessly!
You are too injured to fight recklessly!
You barely miss the orc. The orc hits you with a +0 mace.
* * * LOW HITPOINT WARNING * * *
You sock the orc!
You kill the orc!
You sock the orc!
You kill the orc!
You block the orc priest's attack.
You completely miss the orc priest.
The orc priest hits you but does no damage.
You completely miss the orc priest. You block the orc priest's attack.
You barely miss the orc priest. You block the orc priest's attack.
You sock the orc priest!
The orc priest is severely wounded.
The orc priest mumbles some strange prayers to Beogh against you.
Beogh smites you!
You die...

#........#
.........##
..........#
..........#
..........#
....o.†...#
#.o..o....#
#########..#
.......@oo.#
##########.#
########.# .........#
###################.#
............# #.#
###########.# #.# .#
#.# #.# .# #.# #.#


You could see 2 orc priests.

Vanquished Creatures
  An orc priest (D:3)
  An iguana (D:2)
  2 adders (D:2)
  A worm (D:2)
  3 dart slugs
  A leopard gecko (D:2)
  3 orcs (D:3)
  A ball python (D:1)
  4 giant cockroaches (D:1)
  8 goblins
  8 hobgoblins
  4 jackals (D:1)
  7 kobolds
  3 quokkas (D:2)
  12 bats
  5 frilled lizards
  10 rats
74 creatures vanquished.

Notes
Turn   | Place    | Note
-------+----------+-------------------------------------------
     0 | D:1      | LostNumber the Gargoyle Fighter began the quest for the
                  | Orb.
     0 | D:1      | Reached XP level 1. HP: 14/14 MP: 1/1
   152 | D:1      | Reached XP level 2. HP: 15/19 MP: 2/2
   378 | D:1      | Reached XP level 3. HP: 22/23 MP: 3/3
   740 | D:2      | Reached XP level 4. HP: 21/29 MP: 4/4
   850 | D:2      | Noticed a phantom
  1017 | D:2      | Found a stormy altar of Qazlal.
  1247 | D:2      | Found a runed door.
  1443 | D:2      | Reached XP level 5. HP: 33/33 MP: 5/5
  1661 | D:3      | Killed from afar by an orc priest

Vault maps used:
D:1:      saegor_arrival_simple_a
D:2:      minmay_diamond_boxcup, nicolae_qazlal_eye_of_the_storm, first_ration,
          lightli_corner_chamber, uniq_crazy_yiuf_cottage
D:3:      cheibrodos_pilgrimage, portal_sewer_entry_f,
          chequers_ecumenical_altar_simple_redux

Skill      XL: |  1  2  3  4  5 |
---------------+----------------+-----
Maces & Flails | 3 |  3.7
Fighting       | 4 |  4.1
Armour         | 4 |  4.1
Shields        | 4 |  4.1

Action                   |  1- 3 |  4- 6 || total
-------------------------+-------+-------++-------
Melee: Flail             |   135 |   132 ||   267
  Use: Potion            |       |     1 ||     1
  Eat: Chunk             |       |     2 ||     2
Armor: Scale mail        |    94 |    65 ||   159
Dodge: Dodged            |    64 |    37 ||   101
Block: Shield            |    90 |    57 ||   147

Table legend:
 A = Non-vault XP
 B = Vault XP
 C = Vault XP percentage of total XP
 D = Non-vault monster count
 E = Vault monster count
 F = Vault count percentage of total count
                 A         B        C        D         E       F
            +---------+---------+-------+---------+---------+-------
      Total |     163 |      66 |  28.8 |      61 |      13 |  17.6
            +---------+---------+-------+---------+---------+-------
        D:1 |      56 |       0 |   0.0 |      32 |       0 |   0.0
        D:2 |     107 |      16 |  13.0 |      29 |       9 |  23.7
        D:3 |       0 |      50 | 100.0 |       0 |       4 | 100.0
            +---------+---------+-------+---------+---------+-------
